 Dungeon Crawl Stone Soup version 0.18.1-48-g4cf74bf (webtiles) character file.

403 matakusis the Shield-Bearer (level 6, -10/40 HPs)
             Began as a Gargoyle Fighter on July 27, 2016.
             Mangled by an ogre
             ... wielding a +0 giant spiked club
              (22 damage)
             ... on level 4 of the Dungeon.
             The game lasted 00:10:48 (2819 turns).

matakusis the Shield-Bearer (Gargoyle Fighter)      Turns: 2819, Time: 00:10:48

Health: -10/40     AC: 13    Str: 21    XL:     6   Next: 86%
Magic:  6/6        EV:  7    Int:  9    God:
Gold:   155        SH: 10    Dex:  9    Spells: 0 memorised, 5 levels left

rFire  . . .     SeeInvis .     a - +0 long sword
rCold  . . .     Gourm    .     b - +1 scale mail
rNeg   + . .     Faith    .     c - +0 shield
rPois  ∞         Spirit   .     (no helmet)
rElec  +         Dismiss  .     (no cloak)
rCorr  .         Reflect  .     q - +0 pair of gloves
SustAt .         Harm     .     (no boots)
MR     +....                    (no amulet)
Stlth  ..........               t - ring of loudness (curse)
                                e - ring of protection from magic

@: somewhat resistant to hostile enchantments, extremely unstealthy
A: negative energy resistance 1, electricity resistance, unbreathing,
petrification resistance, rot immunity, AC +4
a: no special abilities


You were on level 4 of the Dungeon.
You were not hungry.

You visited 1 branch of the dungeon, and saw 4 of its levels.

You collected 155 gold pieces.

Inventory:

Hand Weapons
 a - a +0 long sword (weapon)
Armour
 b - a +1 scale mail (worn)
 c - a +0 shield (worn)
 q - a +0 pair of gloves (worn)
Jewellery
 e - a ring of protection from magic (left hand)
 l - an uncursed ring of magical power {unknown}
 s - an uncursed ring of resist corrosion
 t - a cursed ring of loudness (right hand)
Wands
 k - a wand of iceblast (2/15)
Scrolls
 h - a scroll of immolation
Potions
 d - a potion of might
 j - 2 potions of ambrosia
 u - 2 potions of heal wounds
Comestibles
 f - 2 bread rations
 g - a meat ration


   Skills:
 * Level 5.2 Fighting
 + Level 2.8 Long Blades
 + Level 4.6 Armour
 + Level 5.6 Shields


You had 5 spell levels left.
You didn't know any spells.

Dungeon Overview and Level Annotations

Branches:
Dungeon (4/15)
 Temple: D:4-7

Altars:
Elyvilon
Kikubaaqudgha
Ru
Trog


Innate Abilities, Weirdness & Mutations

You are resistant to torment.
Your stone body is resilient (AC +4).
You are immune to poison.
You resist negative energy.
You are resistant to electric shocks.
You can survive without breathing.
You are immune to petrification.
You are immune to rotting.


Message History

The orc wizard mumbles some strange words.
The orc wizard blinks!
You closely miss the orc wizard. The orc wizard hits you with a dagger.
The ogre hits you but does no damage. You block the orc's attack.
The orc wizard gestures at you while chanting.
The magic dart hits you!
Unknown command.
You closely miss the orc wizard.
The orc wizard hits you but does no damage.
The orc hits you but does no damage. The ogre barely misses you.
The orc wizard miscasts a cantrip.
The orc wizard casts a spell at you. The magic dart hits you!
* * * LOW HITPOINT WARNING * * *
You completely miss the ogre. The orc hits you but does no damage.
The orc wizard gestures at you while chanting.
The magic dart hits you! The orc wizard closely misses you.
The ogre hits you with a giant spiked club!!
Ouch! That really hurt!
You die...

... ... .... .....
#..... ####......
####.oO......
####....@o......
#########.....###o#.....
...........#### ... ...
........#### .#.⌠. .
......### .......
...#### #### .# ....
.### ###...## .. _.. ##
##......## .# ...
###........#


You could see an ogre, 2 orc wizards and an orc.

Vanquished Creatures
  An ogre (D:4)
  A phantom (D:4)
  A scorpion (D:4)
  A howler monkey (D:4)
  An orc wizard (D:3)
  5 adders
  An ooze (D:4)
  An adder skeleton (D:3)
  A worm (D:3)
  A dart slug (D:3)
  2 giant geckos (D:2)
  4 orcs
  2 giant cockroaches
  10 goblins
  9 hobgoblins
  9 kobolds
  A quokka (D:4)
  4 bats
  3 giant newts
  A quokka skeleton (D:4)
  7 rats
66 creatures vanquished.

Notes
Turn   | Place    | Note
--------------------------------------------------------------
     0 | D:1      | matakusis the Gargoyle Fighter began the quest for the Orb.
     0 | D:1      | Reached XP level 1. HP: 14/14 MP: 1/1
   345 | D:1      | Reached XP level 2. HP: 19/19 MP: 2/2
  1174 | D:2      | Found a bloodstained altar of Trog.
  1197 | D:2      | Reached XP level 3. HP: 19/24 MP: 3/3
  1808 | D:3      | Reached XP level 4. HP: 29/29 MP: 4/4
  1857 | D:3      | Found an ancient bone altar of Kikubaaqudgha.
  2022 | D:3      | Reached XP level 5. HP: 24/34 MP: 5/5
  2213 | D:3      | Found a sacrificial altar of Ru.
  2579 | D:4      | Reached skill level 5 in Shields
  2587 | D:4      | Noticed a phantom
  2587 | D:4      | Reached XP level 6. HP: 30/39 MP: 6/6
  2651 | D:4      | Killed a phantom
  2697 | D:4      | Reached skill level 5 in Fighting
  2807 | D:4      | Found a white marble altar of Elyvilon.
  2819 | D:4      | Mangled by an ogre

Skill      XL: |  1  2  3  4  5  6 |
---------------+-------------------+-----
Fighting       | 4 5 |  5.2
Long Blades    | 2 |  2.8
Shields        | 4 5 |  5.6
Armour         | 4 |  4.6

Action                   |  1- 3 |  4- 6 || total
-------------------------+-------+-------++-------
Melee: Long sword        |   128 |   156 ||   284
  Use: Scroll            |     8 |     2 ||    10
       Potion            |       |     4 ||     4
  Eat: Chunk             |     3 |     4 ||     7
Armor: Scale mail        |    56 |   135 ||   191
Dodge: Dodged            |    47 |    82 ||   129
Block: Shield            |    75 |   121 ||   196
